Construct Infanterie Kompanie
Construct Panzergrenadier Kompanie
Selects Mechanized Battlegroup
Selects StuG Assault Group
Construct Luftwaffe Kompanie
Marder III M Tank Destroyer
Selects Zeroing Artillery Barrage
Selects Wespe Self-propelled Artillery
Construct Panzer Kompanie
Selects Panther Heavy Tank
Zeroing Artillery Barrage